 Dungeon Crawl Stone Soup version 0.27.1 (webtiles) character file.

Game seed: 16599259844999125318

5 swashedbuckles the Ducker (level 1, -1/16 HPs)
             Began as a Demonspawn Gladiator on Sept 1, 2021.
             Slain by an endoplasm (3 damage)
             ... on level 1 of the Dungeon.
             The game lasted 00:00:28 (131 turns).

swashedbuckles the Ducker (Demonspawn Gladiator)     Turns: 131, Time: 00:00:29

Health: -1/16      AC:  4    Str: 14    XL:     1   Next: 66%
Magic:  1/1        EV: 12    Int:  9    God:
Gold:   19         SH:  0    Dex: 14    Spells: 0/0 levels left

rFire    . . .     SeeInvis .   a - +0 long sword
rCold    . . .     Faith    .   (no shield)
rNeg     . . .     Spirit   .   b - +0 leather armour
rPois    .         Reflect  .   c - +0 helmet
rElec    .         Harm     .   (no cloak)
rCorr    .         Rampage  .   (no gloves)
Will     .....                  (no boots)
Stlth    +.........             (no amulet)
HPRegen  0.05/turn              (no ring)
MPRegen  0.07/turn              (no ring)

@: no status effects
A: no striking features
a: no special abilities


You were on level 1 of the Dungeon.
You visited 1 branch of the dungeon, and saw 1 of its levels.

You collected 19 gold pieces.

Inventory:

Hand Weapons
 a - a +0 long sword (weapon)
Missiles
 d - 3 throwing nets (quivered)
 e - 10 poisoned darts
Armour
 b - a +0 leather armour (worn)
 c - a +0 helmet (worn)


   Skills:
 + Level 2.0 Fighting
 + Level 2.8 Long Blades
 + Level 1.8 Throwing
 + Level 2.9 Dodging


You couldn't memorise any spells.
You didn't know any spells.
Your spell library was empty.

Dungeon Overview and Level Annotations

Branches:
Dungeon (1/15)

Altars:


Message History

You kill the rat!
Found 10 gold pieces.
The ball python hisses angrily.
An endoplasm comes into view.
The frilled lizard bites you. The quokka barely misses you.
The frilled lizard closely misses you. The ball python closely misses you.
The ball python barely misses you. The quokka closely misses you.
The frilled lizard misses you.
You riposte.
You miss the frilled lizard.
The ball python bites you but does no damage.
The ball python grabs you. The ball python constricts you.
The quokka barely misses you.
You slash the quokka!
You kill the quokka!
The frilled lizard bites you but does no damage.
The ball python bites you but does no damage.
The ball python constricts you.
You barely miss the kobold.
The frilled lizard bites you but does no damage.
The ball python closely misses you.
You riposte.
You slash the ball python!
You kill the ball python!
The kobold barely misses you.
You riposte.
You barely miss the kobold. The frilled lizard bites you.
The endoplasm barely misses you. The kobold misses you.
You riposte.
You closely miss the kobold. You barely miss the kobold.
The frilled lizard bites you. The endoplasm hits you.
The kobold closely misses you.
You slash the kobold!
You kill the kobold!
The frilled lizard closely misses you.
The endoplasm hits you but does no damage.
The frilled lizard bites you but does no damage.
The endoplasm freezes you.
You are frozen.
* * * LOW HITPOINT WARNING * * *
Things that are here:
a +0 short sword; a kobold corpse Unknown command.
You closely miss the frilled lizard. The frilled lizard closely misses you.
You riposte.
You closely miss the frilled lizard. The endoplasm hits you.
You die...

############
#..........####
#.............#
#..##########.#
#..# #.######
#..# #.l....#
#..# #.@...$#
###..# #.J....#
...+.# #......+
####.# #......#
.....# #......#
###..# .......#
# #..#
#........ #
#.... .........
# #......


You could see an endoplasm and a frilled lizard.

Vanquished Creatures
  A ball python (D:1)
  A goblin (D:1)
  A quokka (D:1)
  A kobold (D:1)
  A rat (D:1)
5 creatures vanquished.

Notes
Turn   | Place    | Note
-------+----------+-------------------------------------------
     0 | D:1      | swashedbuckles the Demonspawn Gladiator began the quest for
                  | the Orb.
     0 | D:1      | Reached XP level 1. HP: 16/16 MP: 1/1
    48 | D:1      | Found a faded altar of an unknown god.
   131 | D:1      | Slain by an endoplasm

Illustrated notes

Levels and vault maps discovered:
D:1:      shiori_arrival_maze, layout_basic, ebering_ecumenical_altar_mist,
          minmay_tree_intersection, minivault_5

Action                   || total
-------------------------++-------
Melee: Long sword        ||     8
Armor: Leather armour    ||     6
Dodge: Dodged            ||    16
       Rpst.: Long sword ||     5
